Map: Kairos Junction LE

Players

bobyknuckles - Winner!

  • Race: Terran Terran
  • League: Gold
  • Spawn Location: 11:00

TiPtOP

  • Race: Terran Terran
  • League: Silver
  • Spawn Location: 5:00

VOD

Have the link to the VOD?

Description

Time

  • Played on: Aug. 18, 2019, 4:31 a.m.
  • Length: 11:14
Show
View Real Time Build Order
Export as new Build Order

bobyknuckles Terran - Winner!

Build Orders:  

Get SALT Encoding   

  12  0:01  SCV  
  13  0:13  SCV  
  14  0:21  Supply Depot  
  14  0:25  SCV  
  15  0:30  Refinery  
  15  0:45  Barracks  
  15  0:47  SCV  
  16  1:01  Refinery, SCV  
  17  1:13  Barracks  
  17  1:19  SCV  
  18  1:32  Barracks Reactor  
  18  1:39  Orbital Command  
  18  1:59  Supply Depot  
  18  2:02  Barracks Tech Lab  
  18  2:08  Marine x2  
  20  2:21  Marauder  
  22  2:26  Marine x2  
  24  2:32  Factory  
  24  2:42  Marauder  
  26  2:44  Marine  
  27  3:00  Supply Depot  
  27  3:01  Marine  
  27  3:02  Marine  
  29  3:19  Starport  
  29  3:21  Factory Tech Lab  
  29  3:27  Marine, Marauder  
  32  3:41  Marine  
  33  3:49  Marauder  
  34  4:02  Starport Tech Lab  
  34  4:04  Marine  
  32  4:10  Marauder  
  34  4:22  Banshee  
  37  4:24  Cloaking Field  
  37  4:38  Supply Depot  
  37  4:46  Engineering Bay  
  37  5:00  Siege Tank  
  37  5:02  Supply Depot  
  37  5:05  Banshee  
  43  5:16  Marine x2  
  45  5:35  Command Center  
  45  5:50  Starport  
  45  5:52  Medivac  
  47  6:02  Marauder  
  49  6:16  SCV  
  50  6:24  Marauder  
  52  6:29  Liberator  
  52  6:39  Medivac  
  57  7:01  Marine  
  57  7:02  Marine, Marauder  
  57  7:06  SCV  
  62  7:16  Liberator  
  62  7:25  Medivac  
  58  7:35  Orbital Command  
  61  7:45  Refinery  
  61  7:52  Siege Tank  
  61  7:55  Marine  
  61  7:56  Marauder  
  67  8:00  Starport Tech Lab  
  67  8:04  SCV  
  68  8:13  Missile Turret, Marine  
  68  8:16  SCV  
  45  8:57  Liberator  
  45  8:59  Marine x2, Marauder  
  49  9:13  Siege Tank  
  49  9:14  Medivac  
  49  9:16  Marine  
  49  9:17  Marine  
  58  9:22  Marauder  
  61  9:28  Armory  
  61  9:31  SCV  
  61  9:34  Marine x2  
  64  9:43  SCV  
  65  9:55  SCV  
  65  9:56  Siege Tank  
  69  10:09  Supply Depot  
  69  10:10  Supply Depot  
  69  10:15  Starport  
  69  10:30  Banshee x2  
  69  10:32  Supply Depot  
Show
View Real Time Build Order
Export as new Build Order

TiPtOP Terran 

Build Orders: 2 Factory 

Get SALT Encoding   

  12  0:00  SCV  
  13  0:13  SCV  
  14  0:23  Supply Depot  
  14  0:25  SCV  
  15  0:44  SCV  
  15  0:46  Barracks  
  15  0:49  Refinery  
  16  0:57  SCV  
  17  1:09  SCV  
  18  1:21  SCV  
  19  1:33  SCV  
  19  1:38  Supply Depot  
  20  1:49  Command Center  
  20  1:51  SCV  
  21  1:57  Factory  
  21  2:05  Marine  
  22  2:13  Refinery  
  22  2:15  SCV  
  23  2:44  SCV  
  24  2:54  Factory Tech Lab  
  24  2:59  Factory  
  24  3:02  Orbital Command  
  24  3:04  Orbital Command  
  24  3:15  Siege Tank  
  27  3:32  Marine  
  22  4:08  Siege Tank  
  22  4:09  SCV  
  26  4:11  Factory Reactor  
  26  4:23  Orbital Command  
  26  4:38  Armory  
  26  4:43  Engineering Bay  
  26  5:04  Orbital Command  
  26  5:13  SCV  
  27  5:16  Siege Tank  
  27  5:20  Widow Mine x2  
  34  5:25  SCV  
  35  5:37  SCV  
  35  5:42  SCV  
  37  5:49  SCV  
  38  5:54  SCV  
  39  6:05  Siege Tank  
  42  6:19  Missile Turret  
  42  6:23  Supply Depot  
  42  6:27  Hellion x2  
  42  6:40  Missile Turret x2  
  29  7:04  Missile Turret  
  29  7:07  Missile Turret  
  26  7:13  Thor  
  22  7:35  Refinery  
  22  7:56  Thor  
  28  8:02  Widow Mine x2  
  32  8:10  Missile Turret  
  19  9:07  Siege Tank  
  19  9:09  SCV  
  19  9:19  Factory  
  19  9:21  SCV  
  19  9:23  Marine  
  21  9:28  Widow Mine x2  
  25  9:33  SCV  
  26  9:39  Siege Tank  
  26  9:40  Marine  
  30  9:45  SCV  
  30  9:50  Widow Mine  
  33  9:57  SCV  
  33  9:58  Marine  
  35  10:05  Factory Tech Lab  
  35  10:12  Missile Turret  
Tags
 
Add a new tag
Caveats
  • Supply blocks, unpowered buildings, or Contaminate may cause inaccurate times.
  • Supply counts are checked every 10 seconds.